 Dungeon Crawl Stone Soup version 0.28-a0-1143-gcf6077d4cc (webtiles) character file.

Game seed: 1877242216212852858

13510 leviel the Severer (level 12, 0/104 HPs)
             Began as a Hill Orc Fighter on Dec 14, 2021.
             Was an Initiate of Gozag.
             Slain by a death yak simulacrum (30 damage)
             ... in an ice cave.
             The game lasted 00:21:50 (17676 turns).

leviel the Severer (Hill Orc Fighter)              Turns: 17676, Time: 00:21:51

Health: 0/104      AC: 20    Str: 24    XL:     12   Next: 6%
Magic:  21/21      EV: 12    Int:  8    God:    Gozag
Gold:   1034       SH: 10    Dex: 10    Spells: 11/11 levels left

rFire   . . .      SeeInvis .   l - +1 hand axe (flame)
rCold   . . .      Faith    .   c - +0 buckler
rNeg    + . .      Spirit   .   r - +3 plate armour {rN+}
rPois   +          Reflect  +   (no helmet)
rElec   .          Harm     .   s - +2 cloak
rCorr   .          Rampage  .   (no gloves)
Will    .....                   (no boots)
Stlth   ..........              y - amulet of reflection
HPRegen 0.27/turn               n - +4 ring of evasion
MPRegen 0.17/turn               x - ring of Toug {rPois MP+9}

@: no status effects
A: no striking features
a: Renounce Religion, Potion Petition, Call Merchant, Bribe Branch


You were in an ice cave.
You worshipped Gozag.
Gozag was most pleased with you.
You visited 3 branches of the dungeon, and saw 15 of its levels.
You also visited: Sewer and Ice Cave.

You collected 3122 gold pieces.
You spent 935 gold pieces at shops.
You paid 1153 gold pieces to Gozag.

Inventory:

Hand Weapons
 a - a +2 vorpal war axe
 l - a +1 hand axe of flaming (weapon)
 m - a +0 vampiric hand axe
Missiles
 b - a throwing net
Armour
 c - a +0 buckler (worn)
 r - a +3 plate armour of positive energy (worn)
 s - a +2 cloak (worn)
Jewellery
 n - a +4 ring of evasion (left hand)
 x - the ring of Toug (right hand) {rPois MP+9}
   (You bought it in a shop on level 1 of the Orcish Mines)

   [ring of magical power]

   rPois:     It protects you from poison.
   MP:        It affects your magic capacity (+9).
 y - an amulet of reflection (around neck)
 D - a ring of flight
Wands
 d - a wand of digging (4)
 k - a wand of charming (17)
 C - a wand of acid (6)
Scrolls
 e - 5 scrolls of fog
 f - a scroll of immolation
 g - a scroll of summoning
 o - 3 scrolls of blinking
 p - a scroll of teleportation
 v - 2 scrolls of magic mapping
 B - 3 scrolls of identify {@r1}
Potions
 h - a potion of attraction
 i - a potion of resistance
 j - 4 potions of curing
 t - a potion of heal wounds
 u - a potion of might
 w - 2 potions of magic
 E - a potion of haste {unknown}


   Skills:
 - Level 9.1 Fighting
 - Level 16.0 Axes
 * Level 9.8 Armour
 + Level 2.4 Dodging
 - Level 8.4 Shields
 - Level 6.0 Evocations


You had 11 spell levels left.
You didn't know any spells.
Your spell library contained the following spells:

 Spells                   Type           Power      Damage    Failure   Level
 Sandblast                Erth           0%         2d4       99%         1
 Blink                    Tloc           0%         N/A       100%        2
 Corpse Rot               Necr/Air       0%         N/A       100%        2
 Passwall                 Tmut/Erth      0%         N/A       100%        2
 Poisonous Vapours        Pois/Air       0%         N/A       100%        2
 Lesser Beckoning         Tloc           0%         N/A       100%        3
 Stone Arrow              Conj/Erth      0%         3d7       100%        3
 Manifold Assault         Tloc           0%         N/A       100%        5


Dungeon Overview and Level Annotations

Branches:
Dungeon (12/15)            Temple (1/1) D:5            Lair (0/6) D:10
    Orc (2/2) D:11          Sewer (visited)           IceCv (1/1)
    Elf: Orc:2

Altars:
Ashenzari
Cheibriados
Dithmenos
Elyvilon
Fedhas
Gozag
Hepliaklqana
Kikubaaqudgha
Makhleb
Nemelex Xobeh
Okawaru
Qazlal
Ru
Sif Muna
Trog
Uskayaw
Vehumet
Wu Jian
Xom
Yredelemnul
Zin
The Shining One

Shops:
D:1 *   D:5 [   D:10 *   Orc:1 =

Annotations:
D:6 1 runed translucent door, ytrimaz's ghost, novice FoFi
D:12 Sonja


Message History

You kill the ice devil!
You slash the troll simulacrum!
You melt the troll simulacrum.
You block the troll simulacrum's attack.
The troll simulacrum claws you but does no damage.
You block the troll simulacrum's attack.
You slash the troll simulacrum!
You melt the troll simulacrum!
The troll simulacrum vaporises!
Really walk into that cloud of freezing vapour?
Okay, then.
You start resting.
A death yak simulacrum is nearby!
A death yak simulacrum is nearby!
The death yak simulacrum barely misses you.
You hit the death yak simulacrum.
You melt the death yak simulacrum.
The death yak simulacrum is lightly damaged.
You hit the death yak simulacrum but do no damage.
The death yak simulacrum is lightly damaged.
You block the death yak simulacrum's attack.
You hit the death yak simulacrum but do no damage.
The death yak simulacrum is lightly damaged.
A death yak simulacrum is nearby!
You hit the death yak simulacrum but do no damage.
The death yak simulacrum is lightly damaged.
The death yak simulacrum gores you! The death yak simulacrum freezes you!!
You hit the death yak simulacrum.
You melt the death yak simulacrum.
The death yak simulacrum is lightly damaged.
You hit the death yak simulacrum but do no damage.
The death yak simulacrum is lightly damaged.
You block the death yak simulacrum's attack.
You hit the death yak simulacrum but do no damage.
The death yak simulacrum is lightly damaged.
You hit the death yak simulacrum but do no damage.
The death yak simulacrum is lightly damaged.
You slash the death yak simulacrum!
You melt the death yak simulacrum.
The death yak simulacrum is moderately damaged.
The death yak simulacrum gores you!
* * * LOW HITPOINT WARNING * * *
The death yak simulacrum freezes you!!
You die...
Your body crumbles into a pile of gold.

# .#. #### 4... ####
##..## ...5.
##..#####....##
......##$Z..##.......#
.......$○#@......∩.∩.#
........###..........#
Z.....#.. ##..##....##
.....###≈≈ ######..##
..... ≈≈# #### ....
≈## #.. .Z ##. #.


You could see a death yak simulacrum.

Vanquished Creatures
  4 two-headed ogres
  An orc high priest (Orc:1)
  A manticore (D:11)
  Joseph (D:10)
  2 trolls
  An ice devil (IceCv)
  Prince Ribbit (D:7)
  Grinder (D:3)
  A meliai zombie (D:11)
  A shadow (D:11)
  A vampire (D:10)
  2 wraiths
  7 wyverns
  3 yaks (D:10)
  A basilisk (D:11)
  A steam dragon (D:6)
  2 vampire mosquitoes (D:10)
  An acid dragon (D:10)
  3 water moccasins
  7 orc warriors
  A hornet zombie (D:7)
  An ice beast (D:7)
  4 necrophages
  3 centaurs
  5 ogres
  2 phantoms (D:11)
  A kobold brigand (D:6)
  2 bullfrogs
  A scorpion (D:6)
  A gnoll sergeant (D:7)
  2 two-headed ogre simulacra (IceCv)
  A wyvern skeleton (D:7)
  3 water moccasin skeletons
  2 troll zombies (D:11)
  5 wights (D:9)
  An elephant simulacrum (IceCv)
  2 howler monkeys
  A jelly (D:6)
  3 bullfrog zombies
  3 centaur zombies
  9 orc priests
  5 hounds
  A centaur skeleton (D:7)
  7 iguanas
  Ijyb (D:4)
  13 orc wizards
  2 troll simulacra (IceCv)
  A spriggan simulacrum (IceCv)
  A killer bee zombie (D:6)
  4 ogre zombies (D:11)
  A howler monkey zombie (D:10)
  15 gnolls
  A naga simulacrum (IceCv)
  15 adders
  4 river rats (D:5)
  15 white imps
  2 ufetubi (IceCv)
  An adder skeleton (D:4)
  4 worms
  3 dart slugs
  28 orcs
  15 ball pythons
  6 bats
  8 endoplasms
  2 giant cockroaches
  5 goblins
  8 hobgoblins
  6 jackals (Sewer)
  16 kobolds
  2 quokkas (D:1)
  6 frilled lizards
  A goblin skeleton (D:11)
  3 hobgoblin skeletons (D:11)
  A hobgoblin zombie (D:11)
  An orc skeleton (D:11)
  13 orc zombies (D:11)
  12 rats
324 creatures vanquished.

Vanquished Creatures (others)
  A yak (D:10)
  3 fungi (D:10)
  40 plants
  2 withered plants (D:6)
46 creatures vanquished.

Grand Total: 370 creatures vanquished

Notes
Turn   | Place    | Note
-------+----------+-------------------------------------------
     0 | D:1      | leviel the Hill Orc Fighter began the quest for the Orb.
     0 | D:1      | Reached XP level 1. HP: 19/19 MP: 1/1
    94 | D:1      | Reached skill level 3 in Axes
    94 | D:1      | Reached XP level 2. HP: 27/27 MP: 2/2
   133 | D:1      | Identified a scroll of acquirement
   133 | D:1      | Acquired 912 gold pieces
   217 | D:1      | Found Kooth's Assorted Antiques.
   279 | D:1      | Reached XP level 3. HP: 32/33 MP: 3/3
  1116 | D:2      | Reached XP level 4. HP: 40/40 MP: 4/4
  1293 | D:2      | Reached skill level 4 in Axes
  1293 | D:2      | Reached XP level 5. HP: 17/47 MP: 5/5
  2016 | D:3      | Found a faded altar of an unknown god.
  2603 | D:3      | Noticed Grinder
  2618 | D:3      | Killed Grinder
  2619 | D:3      | Reached skill level 5 in Fighting
  2619 | D:3      | Reached skill level 5 in Axes
  2619 | D:3      | Reached skill level 1 in Evocations
  2619 | D:3      | Reached XP level 6. HP: 24/56 MP: 6/6
  3085 | D:3      | Reached XP level 7. HP: 46/61 MP: 7/7
  3094 | D:3      | Reached skill level 5 in Shields
  3341 | D:3      | Reached skill level 5 in Armour
  3417 | D:4      | Noticed Ijyb
  3429 | D:4      | Killed Ijyb
  3737 | D:4      | Reached XP level 8. HP: 29/70 MP: 8/8
  4073 | D:4      | Reached skill level 6 in Axes
  4273 | D:5      | Entered Level 5 of the Dungeon
  4336 | D:5      | Found a staircase to the Ecumenical Temple.
  4767 | D:5      | Found a glowing drain.
  4774 | Sewer    | Entered a sewer
  6065 | D:5      | Found a hazy altar of Hepliaklqana.
  6303 | Temple   | Entered the Ecumenical Temple
  6838 | Temple   | Became a worshipper of Gozag Ym Sagoz the Greedy
  7076 | D:6      | Found a runed translucent door.
  7076 | D:6      | Noticed ytrimaz's ghost (novice FoFi)
  7694 | D:6      | Reached skill level 7 in Axes
  7696 | D:6      | Reached XP level 9. HP: 69/79 MP: 6/9
  7856 | D:6      | Identified the +4 quarterstaff of Tension {holy, Str+3}
  8799 | D:7      | Reached skill level 8 in Axes
  8842 | D:7      | Reached skill level 5 in Evocations
  8975 | D:7      | Noticed Prince Ribbit
  8985 | D:7      | Killed Prince Ribbit
  9545 | D:7      | Reached XP level 10. HP: 71/90 MP: 7/10
 10962 | D:9      | Reached skill level 9 in Axes
 11873 | D:10     | Entered Level 10 of the Dungeon
 11873 | D:10     | Noticed a two-headed ogre
 11887 | D:10     | Killed a two-headed ogre
 12144 | D:10     | Noticed Joseph
 12182 | D:10     | Killed Joseph
 12183 | D:10     | Reached skill level 10 in Axes
 12487 | D:10     | Noticed a kobold demonologist
 12498 | D:10     | Noticed a soul eater
 13048 | D:5      | Bought a +2 plate armour of positive energy for 592 gold
                  | pieces
 13139 | D:10     | Found Tykkosma's General Store.
 13232 | D:10     | Reached skill level 11 in Axes
 13477 | D:10     | Noticed a two-headed ogre
 13489 | D:10     | Killed a two-headed ogre
 13490 | D:10     | Reached skill level 12 in Axes
 13490 | D:10     | Reached XP level 11. HP: 26/97 MP: 11/11
 13649 | D:10     | Reached skill level 13 in Axes
 13951 | D:10     | Found a staircase to the Lair.
 14075 | D:10     | Noticed a sun demon
 14078 | D:10     | Noticed a soul eater
 14836 | D:11     | Reached skill level 14 in Axes
 15004 | D:11     | Noticed a two-headed ogre
 15010 | D:11     | Killed a two-headed ogre
 15083 | D:11     | Noticed a manticore
 15090 | D:11     | Killed a manticore
 15134 | D:11     | Reached skill level 15 in Axes
 15214 | D:11     | Found a staircase to the Orcish Mines.
 15398 | D:11     | Noticed a two-headed ogre
 15411 | D:11     | Killed a two-headed ogre
 15722 | D:11     | Reached skill level 16 in Axes
 16037 | D:12     | Noticed Sonja
 16348 | Orc:1    | Entered Level 1 of the Orcish Mines
 16352 | Orc:1    | Reached skill level 1 in Dodging
 16477 | Orc:1    | Noticed an orc high priest
 16500 | Orc:1    | Killed an orc high priest
 16782 | Orc:1    | Found Kavvyrhe's Jewellery Boutique.
 16815 | Orc:1    | Bought the ring of Toug {rPois MP+9} for 343 gold pieces
 16893 | Orc:2    | Entered Level 2 of the Orcish Mines
 16896 | Orc:2    | Found a frozen archway.
 17132 | Orc:2    | Reached XP level 12. HP: 83/104 MP: 12/12
 17184 | IceCv    | Entered an ice cave
 17676 | IceCv    | Slain by a death yak simulacrum

Illustrated notes

Levels and vault maps discovered:
D:1:      dpeg_arrival_tiny_a, layout_rooms, serial_shops, shop
D:2:      layout_basic, grunt_ministairs_11, guppyfry_early_lair_pool
D:3:      layout_basic, ebering_ecumenical_altar_webs, cheibrodos_gnoll_hut,
          uniq_grinder
D:4:      layout_rooms, minmay_misc_feat_cross, uniq_ijyb
D:5:      layout_loops_cross, mainiacjoe_overflow_cross_hatched,
          minmay_temple_entry_offerings, lightli_sewer_entry_pipes
D:6:      minmay_bubble_buster, layout_basic, gammafunk_ghost_grave,
          grunt_tough_drop
D:7:      layout_basic, uniq_prince_ribbit1
D:8:      layout_loops_corners
D:9:      layout_long_grid
D:10:     layout_stronghold, minmay_lair_entry_grove, serial_shops, shop,
          uniq_joseph
D:11:     layout_roguey, zombieorc1_lemuel
D:12:     layout_basic, uniq_sonja
Temple:   nicolae_temple_the_god_donut
Orc:1:    layout_diamond_mine, serial_shops, nicolae_shop_hallway_stairs,
          basic_altar
Orc:2:    grunt_orc_tribal_feast, layout_diamond_mine,
          portal_ice_cave_entry_imps, nicolae_shop_overcharged_wands
IceCv:    ice_cave_small_demon

Skill      XL: |  1  2  3  4  5  6  7  8  9 10 11 |
---------------+----------------------------------+-----
Axes           | 3 4 5 7 8 12 16 | 16.0
Fighting       | 4 5 6 7 8 9 |  9.1
Shields        | 4 5 6 7 8 |  8.4
Armour         | 4 5 6 7 8 9 |  9.8
Evocations     | 1 2 4 5 6 |  6.0
Dodging        | 2 |  2.4

Action                   |  1- 3 |  4- 6 |  7- 9 | 10-12 || total
-------------------------+-------+-------+-------+-------++-------
Melee: War axe           |    84 |   111 |   494 |   472 ||  1161
       Hand axe          |       |       |       |   154 ||   154
Invok: Call Merchant     |       |       |     1 |       ||     1
       Potion Petition   |       |       |       |     1 ||     1
Evoke: Wand              |       |       |     6 |    19 ||    25
  Use: Scroll            |     2 |     1 |    12 |     9 ||    24
       Potion            |       |     1 |     6 |     6 ||    13
Armor: Scale mail        |    51 |    60 |   199 |    53 ||   363
       Plate armour      |       |       |       |   139 ||   139
Dodge: Dodged            |    45 |    47 |   277 |   268 ||   637
Block: Buckler           |    28 |    28 |   130 |   193 ||   379
       Reflection        |       |       |       |     7 ||     7

Table legend: (Time is in decaauts)
 A = Elapsed time spent in this place.
 B = Non-inter-level travel time spent in this place.
 C = Inter-level travel time spent in this place.
 D = Time resting spent in this place.
 E = Time spent auto-exploring this place.
 F = Levels seen in this place.
 G = Mean time per level.
                   A        B        C        D        E       F      G
               +--------+--------+--------+--------+--------+-----+--------+
         Total |  17926 |  17364 |    562 |   4860 |   9606 |  17 | 1054.5 |
       Dungeon |  14989 |  14485 |    504 |   4074 |   7990 |  12 | 1249.1 |
        Temple |    540 |    509 |     31 |      0 |    487 |   1 |  540.0 |
  Orcish Mines |    808 |    783 |     25 |    390 |    250 |   2 |  404.0 |
         Sewer |   1114 |   1114 |      0 |      0 |    874 |   1 | 1114.0 |
      Ice Cave |    472 |    472 |      0 |    396 |      5 |   1 |  472.0 |
               +--------+--------+--------+--------+--------+-----+--------+

Top non-repeatable levels by time:
    D:10: 2514 daAuts
     D:6: 1683 daAuts
     D:2: 1615 daAuts
    D:11: 1497 daAuts
     D:5: 1445 daAuts
     D:7: 1357 daAuts
     D:3: 1345 daAuts
   Sewer: 1114 daAuts
     D:9: 1090 daAuts
     D:8: 993 daAuts
     D:4: 954 daAuts
   Orc:1: 716 daAuts
  Temple: 540 daAuts
   IceCv: 472 daAuts
     D:1: 440 daAuts
